[Event "Team 45 45 League T50"]
[Site "Internet Chess Club"]
[Date "2011.08.28"]
[Round "3"]
[White "perikitosax"]
[Black "NFork"]
[Result "0-1"]
[WhiteElo "2019"]
[BlackElo "2272"]
[Opening "Grünfeld: exchange variation"]
[ECO "D85"]
[Time "06:02:39"]
[TimeControl "2700+45"]

1. d4 Nf6 2. c4 g6 3. Nc3 d5 4. cxd5 Nxd5 5. e4 Nxc3 6. bxc3 Bg7 7. Be3 c5 8.
Nf3 Qa5 9. Qd2 cxd4 10. cxd4 Qxd2+ 11. Kxd2 O-O 12. Rb1 Rd8 13. Bd3 b6 14. Rhc1
Ba6 15. Rc7 Bxd3 16. Kxd3 Na6 17. Rc2 Nc5+ 18. Ke2 Nxe4 19. Rc7 Nf6 20. Rbc1 Nd5
21. Rb7 Kf8 22. Ne5 Bxe5 23. dxe5 Ke8 24. Rc4 Rd7 25. Rxd7 Kxd7 26. g4 Rc8 27.
Rd4 Ke6 28. f4 g5 29. fxg5 Kxe5 30. Ra4 Nc3+ {White resigns} 0-1

[Event "Team 45 45 League T50"]
[Site "Internet Chess Club"]
[Date "2011.08.28"]
[Round "3"]
[White "pentti63"]
[Black "spunni"]
[Result "1/2-1/2"]
[WhiteElo "2263"]
[BlackElo "1908"]
[Opening "QGA: classical, Furman variation"]
[ECO "D26"]
[Time "09:02:57"]
[TimeControl "2700+45"]

1. d4 d5 2. c4 dxc4 3. Nf3 Nf6 4. e3 e6 5. Bxc4 c5 6. Qe2 a6 7. dxc5 Bxc5 8. O-O
Nc6 9. e4 b5 10. e5 bxc4 11. exf6 Qd3 12. fxg7 Rg8 13. Qxd3 cxd3 14. Bh6 Nd4 15.
Nxd4 Bxd4 16. Nc3 Bxg7 17. Bxg7 Rxg7 18. Rfd1 Bb7 19. g3 Rd8 20. Rd2 Rg4 21. f4
h5 22. Kf2 h4 23. Rad1 hxg3+ 24. hxg3 Rg6 25. Rxd3 Rxd3 26. Rxd3 Rh6 27. Ne2
Rh2+ 28. Ke3 Bc6 29. Rd2 Rg2 30. Rc2 Kd7 31. b3 Kd6 32. a4 a5 33. Rc4 Bd5 34.
Rc3 Bb7 35. f5 Ba6 36. Nd4 Rxg3+ 37. Kd2 Rxc3 38. Kxc3 e5 39. Nc2 Bc8 40. Ne3 f6
41. Nc4+ Kc5 42. Nxa5 Bxf5 43. b4+ Kd5 44. Nc4 Be6 45. a5 Kc6 46. Na3 Bd5 47.
b5+ Kc5 48. b6 Bb7 49. Nc4 Kb5 50. Nd6+ Kxa5 51. Nxb7+ Kxb6 52. Nd6 {Game drawn
by mutual agreement} 1/2-1/2

[Event "Team 45 45 League T50"]
[Site "Internet Chess Club"]
[Date "2011.08.27"]
[Round "3"]
[White "CapitanTrueno"]
[Black "snottgoblin"]
[Result "0-1"]
[WhiteElo "1762"]
[BlackElo "2037"]
[Opening "Sicilian: Alapin's variation (2.c3)"]
[ECO "B22"]
[Time "11:10:38"]
[TimeControl "2700+45"]

1. e4 c5 2. c3 d5 3. exd5 Qxd5 4. d4 Nc6 5. Nf3 Nf6 6. Be2 cxd4 7. cxd4 Bf5 8.
Nc3 Qd8 9. a3 e6 10. O-O Be7 11. Be3 O-O 12. Qb3 Na5 13. Qa2 Rc8 14. Rac1 Ne4
15. Nxe4 Rxc1 16. Rxc1 Bxe4 17. Ne5 Bd5 18. Qb1 Nb3 19. Rc3 a5 20. Qd3 f6 21.
Nf3 a4 22. Nd2 Nxd2 23. Qxd2 Bd6 24. Bf4 Bxf4 25. Qxf4 Qb6 26. Rc2 Rd8 27. Qc7
Qxc7 28. Rxc7 Bb3 29. Rxb7 Rxd4 30. Rb4 Rd2 31. Kf1 Rxb2 32. Bc4 Kf7 33. Ke1 Ke7
34. Bb5 Ra2 35. Bxa4 Bd5 36. Bb3 Ra1+ 37. Ke2 Bxg2 38. a4 Kd6 39. Rb6+ Bc6 40.
Bxe6 Rxa4 41. Bf7 Rh4 42. Ke3 Kc5 43. Ra6 Rh3+ 44. Kd2 Rxh2 45. Ke3 Rh3+ 46. Kd2
Rf3 47. Ke1 Rd3 48. Bg8 Bf3 49. Ra1 h5 50. Bh7 Rd6 51. Bf5 g5 52. Kf1 Rd1+ 53.
Rxd1 Bxd1 54. Kg2 Kd4 55. Kg3 Ke5 56. Bc8 h4+ 57. Kh3 Kf4 58. Bb7 Bg4+ 59. Kh2
Bf3 60. Bc8 g4 61. Bd7 f5 62. Bc8 Be4 63. Bd7 Kf3 64. Kg1 h3 65. Be6 g3 66. fxg3
Kxg3 {White resigns} 0-1

[Event "Team 45 45 League T50"]
[Site "Internet Chess Club"]
[Date "2011.08.28"]
[Round "3"]
[White "eurander"]
[Black "chess9793"]
[Result "1/2-1/2"]
[WhiteElo "2119"]
[BlackElo "2129"]
[Opening "Sicilian: Alapin's variation (2.c3)"]
[ECO "B22"]
[Time "17:03:10"]
[TimeControl "2700+45"]

1. e4 c5 2. c3 Nf6 3. e5 Nd5 4. d4 cxd4 5. cxd4 d6 6. Nf3 Nc6 7. Bc4 Nb6 8. Bb5
dxe5 9. Nxe5 Bd7 10. Nxd7 Qxd7 11. Nc3 Rd8 12. O-O e6 13. Qf3 a6 14. Bxc6 Qxc6
15. Qxc6+ bxc6 16. Be3 Bb4 17. Rac1 Bxc3 18. Rxc3 Kd7 19. Rfc1 Rc8 20. Ra3 Ra8
21. Bf4 Nd5 22. Bg3 h5 23. h4 Ra7 24. Rc5 g6 25. Rca5 Rha8 {Game drawn by mutual
agreement} 1/2-1/2

[Event "Team 45 45 League T50"]
[Site "Internet Chess Club"]
[Date "2011.08.28"]
[Round "3"]
[White "Stryker672"]
[Black "SlimeDog2"]
[Result "1-0"]
[WhiteElo "1964"]
[BlackElo "2065"]
[Opening "Bishop's opening/Petrov: Urusov gambit"]
[ECO "C24"]
[Time "20:08:51"]
[TimeControl "2700+45"]

1. e4 e5 2. Bc4 Nf6 3. d4 exd4 4. Nf3 Bb4+ 5. c3 dxc3 6. bxc3 d5 7. exd5 Bc5 8.
O-O O-O 9. Bg5 Nbd7 10. Bb3 h6 11. Bh4 Re8 12. Nbd2 Be7 13. Re1 Nb6 14. c4 Nfxd5
15. cxd5 {Black resigns} 1-0

[Event "Team 45 45 League T50"]
[Site "Internet Chess Club"]
[Date "2011.08.28"]
[Round "3"]
[White "Gregorio"]
[Black "CamLeslie"]
[Result "1-0"]
[WhiteElo "1929"]
[BlackElo "1853"]
[Opening "English: symmetrical variation"]
[ECO "A30"]
[Time "10:10:34"]
[TimeControl "2700+45"]

1. c4 c5 2. g3 Nc6 3. Bg2 g6 4. h4 Bg7 5. h5 d6 6. Nc3 Bg4 7. f3 Bd7 8. d3 Nh6
9. e4 Ng8 10. Nge2 Nf6 11. h6 Bf8 12. Nd5 e6 13. Ne3 Nh5 14. g4 Nf6 15. Bd2 Ng8
16. g5 Qxg5 17. Ng4 Qd8 18. Bc3 e5 19. Nf4 Bxg4 20. fxg4 Bxh6 21. Nd5 Bg7 22.
Qf3 Nge7 23. Nf6+ Bxf6 24. Qxf6 Kd7 25. O-O-O Qe8 26. Rdf1 Nd8 27. b4 b6 28. g5
Nec6 29. bxc5 dxc5 30. Bf3 Kc7 31. Bd1 Kb7 32. Ba4 Rc8 33. Rh2 Rc7 34. Rfh1 Re7
35. Rxh7 Rxh7 36. Rxh7 Qd7 37. Kd2 Qc7 38. Rh8 Nd4 39. Be8 Ka6 40. Rf8 Kb7 41.
a4 a5 42. Rh8 Ka6 43. Qg7 N8e6 44. Bb5+ Ka7 45. Qf6 Nd8 46. Rf8 N8e6 47. Rg8 Nd8
48. Qh8 N4e6 49. Bxe5 {Black resigns} 1-0

[Event "Team 45 45 League T50"]
[Site "Internet Chess Club"]
[Date "2011.08.26"]
[Round "3"]
[White "izit"]
[Black "Horoblitz"]
[Result "1-0"]
[WhiteElo "2275"]
[BlackElo "2220"]
[Opening "Bogo-Indian defense, Grünfeld variation"]
[ECO "E11"]
[Time "14:00:25"]
[TimeControl "2700+45"]

1. d4 Nf6 2. c4 e6 3. Nf3 Bb4+ 4. Nbd2 b6 5. a3 Bxd2+ 6. Qxd2 Bb7 7. e3 O-O 8.
Be2 d6 9. O-O Nbd7 10. b4 Ne4 11. Qc2 f5 12. d5 e5 13. Nd2 Nxd2 14. Bxd2 c6 15.
dxc6 Bxc6 16. f3 Rc8 17. Qb3 Nf6 18. Bc3 Qe7 19. Rfd1 Rfd8 20. a4 Kh8 21. Qb2
Re8 22. b5 Ba8 23. Bb4 Red8 24. a5 Qe6 25. axb6 axb6 26. Ra6 d5 27. c5 Nd7 28.
c6 Nc5 29. Bxc5 bxc5 30. c7 Rd6 31. Rxd6 Qxd6 32. b6 Bb7 33. Ra1 d4 34. Ra7 Qc6
35. Qb5 Qh6 36. Rxb7 Qxe3+ 37. Kh1 {Black resigns} 1-0

[Event "Team 45 45 League T50"]
[Site "Internet Chess Club"]
[Date "2011.08.30"]
[Round "3"]
[White "easycure"]
[Black "QueensCounselor"]
[Result "1/2-1/2"]
[WhiteElo "2259"]
[BlackElo "2146"]
[Opening "Grünfeld: Russian, Szabo (Boleslavsky) variation"]
[ECO "D97"]
[Time "15:02:56"]
[TimeControl "2700+45"]

1. d4 Nf6 2. c4 g6 3. Nc3 d5 4. Nf3 Bg7 5. Qb3 dxc4 6. Qxc4 O-O 7. e4 c6 8. Be3
Ng4 9. Bg5 h6 10. Bh4 g5 11. Bg3 Be6 12. Qa4 Nf6 13. Rd1 Qb6 14. Qc2 Na6 15. Be2
Rad8 16. Be5 Nb4 17. Qb1 Nh5 18. Bxg7 Kxg7 19. O-O Nf4 20. a3 Nxe2+ 21. Nxe2 Na6
22. Ne5 Nc7 23. Qc1 Nb5 24. Qe3 f6 25. Nf3 Bf7 26. h4 Nd6 27. hxg5 hxg5 28. Nxg5
fxg5 29. Qxg5+ Bg6 30. Nf4 Rf6 31. e5 Rxf4 32. Qxf4 Nf5 33. Qg5 Rf8 34. b4 e6
35. Rfe1 Qc7 36. Qg4 Qf7 37. Rd2 Nh6 38. Qg5 Qf5 39. Qg3 Qg4 40. Qxg4 Nxg4 41.
f3 Nh6 42. Kf2 Nf5 43. g4 Ne7 44. Kg3 Nd5 45. Rf1 Nf4 46. a4 a6 47. Rc1 Nd5 48.
Rb2 Nf4 49. Rc3 Nd5 50. Ra3 Nc7 51. f4 Nd5 52. Rf3 Nb6 53. Ra2 Nd5 54. Raf2 Be4
55. Rb3 Bg6 56. b5 axb5 57. axb5 Rf7 58. bxc6 bxc6 59. Rb8 Be4 60. Re8 Nc7 61.
Rd8 Nd5 62. Rb8 Bg6 63. Rc8 Nc3 64. Rh2 Ne4+ 65. Kf3 Nc3 66. Rf2 Be4+ 67. Kg3
Bd5 68. Kh4 Nd1 69. Rh2 Rxf4 70. Kg5 Rf8 71. Rxf8 Kxf8 72. Kf6 Kg8 73. g5 Ne3
74. Rh4 Ng2 75. Rh3 Nf4 76. Rh2 Bb3 77. g6 Nd5+ 78. Kxe6 Kg7 79. Kd6 Kxg6 80.
Kxc6 Kf5 81. Kd6 Nf4 82. Rb2 Bf7 83. Rf2 Ke4 84. d5 Bg8 85. Rxf4+ Kxf4 86. e6
Ke4 87. e7 Bf7 {Game drawn by mutual agreement} 1/2-1/2

[Event "Team 45 45 League T50"]
[Site "Internet Chess Club"]
[Date "2011.08.29"]
[Round "3"]
[White "Deckfuel"]
[Black "Knight77"]
[Result "1/2-1/2"]
[WhiteElo "1926"]
[BlackElo "1764"]
[Opening "French: Tarrasch, closed variation"]
[ECO "C05"]
[Time "15:45:47"]
[TimeControl "2700+45"]

1. e4 e6 2. d4 d5 3. Nd2 Nf6 4. e5 Nfd7 5. f4 c5 6. c3 Nc6 7. Ndf3 Be7 8. Bd3
Qb6 9. Ne2 f6 10. a3 O-O 11. b4 cxd4 12. cxd4 fxe5 13. fxe5 Kh8 14. Qc2 h6 15.
b5 Rxf3 16. bxc6 Bh4+ 17. Kd1 Rxd3+ 18. Qxd3 bxc6 19. Rb1 Qa5 20. Bd2 Qa4+ 21.
Qb3 Qa6 22. Nf4 Rb8 23. Qc2 Rxb1+ 24. Qxb1 Qa4+ 25. Qc2 Qxd4 26. Qxc6 Nb6 27.
Qe8+ Kh7 28. Qg6+ Kh8 29. Qe8+ Kh7 30. Qg6+ Kh8 31. Qe8+ {Game drawn by
repetition} 1/2-1/2

[Event "Team 45 45 League T50"]
[Site "Internet Chess Club"]
[Date "2011.08.30"]
[Round "3"]
[White "jorobo"]
[Black "alexping"]
[Result "1-0"]
[WhiteElo "1999"]
[BlackElo "1883"]
[Opening "French: Tarrasch, closed variation"]
[ECO "C05"]
[Time "11:33:32"]
[TimeControl "2700+45"]

1. e4 e6 2. d4 d5 3. Nd2 Nf6 4. e5 Nfd7 5. Bd3 c5 6. c3 Nc6 7. Ne2 h6 8. O-O Qb6
9. Nf3 Be7 10. a3 c4 11. Bc2 Na5 12. Rb1 Qc7 13. Nd2 Nf8 14. f4 f5 15. exf6 gxf6
16. Ng3 Bd6 17. Nf3 f5 18. Qe2 Kd8 19. Bd2 Ng6 20. Ne5 Nxe5 21. fxe5 Be7 22. Qh5
Qd7 23. Bxh6 Kc7 24. Qg6 Bf8 25. Bxf8 Rxf8 26. Nh5 Qe7 27. Nf6 Bd7 28. Rxf5 Bc6
29. Rh5 Rf7 30. Qxf7 Qxf7 31. Rh7 Qxh7 32. Nxh7 Rg8 33. Rf1 Rg7 34. Nf8 Bd7 35.
Rf6 {Black resigns} 1-0

[Event "Team 45 45 League T50"]
[Site "Internet Chess Club"]
[Date "2011.08.28"]
[Round "3"]
[White "Morovon23"]
[Black "C-Kalla"]
[Result "0-1"]
[WhiteElo "2311"]
[BlackElo "2275"]
[Opening "King's Indian: orthodox, Aronin-Taimanov, 9.Ne1"]
[ECO "E98"]
[Time "13:00:16"]
[TimeControl "2700+45"]

1. d4 Nf6 2. Nf3 g6 3. c4 Bg7 4. Nc3 O-O 5. e4 d6 6. Be2 e5 7. O-O Nc6 8. d5 Ne7
9. Ne1 Nd7 10. Be3 f5 11. f3 f4 12. Bf2 g5 13. Rc1 Ng6 14. c5 Nxc5 15. b4 Na6
16. Nb5 Bd7 17. Nxa7 h5 18. a3 Rf7 19. Rc3 Bh6 20. Nd3 Qb8 21. b5 Rxa7 22. bxa6
Rxa6 23. Qc2 Ra8 24. Rc1 Ba4 25. Qb2 g4 26. Rb1 g3 27. hxg3 fxg3 28. Bxg3 h4 29.
Bf2 b6 30. Bd1 Bxd1 31. Rxd1 h3 32. Kh2 hxg2 33. Rg1 Rh7 34. Rxg2 Bc1+ {White
resigns} 0-1

[Event "Team 45 45 League T50"]
[Site "Internet Chess Club"]
[Date "2011.08.30"]
[Round "3"]
[White "Chess-Dream"]
[Black "MikeA"]
[Result "0-1"]
[WhiteElo "2016"]
[BlackElo "2210"]
[Opening "QGD semi-Slav: Meran, Wade variation"]
[ECO "D47"]
[Time "21:00:17"]
[TimeControl "2700+45"]

1. d4 d5 2. c4 c6 3. Nf3 Nf6 4. Nc3 e6 5. e3 Nbd7 6. Bd3 dxc4 7. Bxc4 b5 8. Bd3
Bb7 9. a3 a6 10. b4 Bd6 11. O-O a5 12. Rb1 axb4 13. axb4 O-O 14. e4 e5 15. d5
cxd5 16. exd5 Qe7 17. Qb3 e4 18. Re1 Nb6 19. Bg5 Qd7 20. Bxb5 Qf5 21. Bxf6 exf3
22. Ne4 Bxd5 23. Qb2 Bxe4 24. Rxe4 Qxe4 25. Rd1 Qg6 {White resigns} 0-1

[Event "Team 45 45 League T50"]
[Site "Internet Chess Club"]
[Date "2011.08.25"]
[Round "3"]
[White "spacecadet"]
[Black "cheVelle"]
[Result "1-0"]
[WhiteElo "2056"]
[BlackElo "1922"]
[Opening "Vienna game"]
[ECO "C27"]
[Time "16:00:32"]
[TimeControl "2700+45"]

1. e4 e5 2. Bc4 Nf6 3. Nc3 Nxe4 4. Qh5 Nd6 5. Bb3 Nc6 6. Nb5 g6 7. Qf3 f5 8. Qd5
Qe7 9. Nxc7+ Kd8 10. Nxa8 b5 11. Nf3 Bb7 12. Qc5 Bxa8 13. O-O Bg7 14. d4 exd4
15. Bg5 Bf6 16. Rfe1 Ne4 17. Bxf6 Qxf6 18. Qxb5 g5 19. Rad1 g4 20. Nxd4 Nxd4 21.
Qb8+ Ke7 22. Qxa7 Nxb3 23. Qxd7+ Kf8 24. axb3 Bc6 25. Qc7 Rg8 26. Rd8+ Be8 27.
Qd7 Qf7 28. Rxe8+ Qxe8 29. Qxf5+ Qf7 30. Qc8+ Kg7 31. Qxg4+ {Black resigns} 1-0

[Event "Team 45 45 League T50"]
[Site "Internet Chess Club"]
[Date "2011.09.01"]
[Round "3"]
[White "Legal"]
[Black "AronT"]
[Result "0-1"]
[WhiteElo "2025"]
[BlackElo "2199"]
[Opening "French: Winawer, advance, poisoned pawn variation"]
[ECO "C18"]
[Time "07:40:50"]
[TimeControl "2700+45"]

1. e4 e6 2. d4 d5 3. Nc3 Bb4 4. e5 c5 5. a3 Bxc3+ 6. bxc3 Ne7 7. Qg4 O-O 8. Bd3
Nbc6 9. Qh5 Ng6 10. Nf3 Qc7 11. Be3 c4 12. Bxg6 fxg6 13. Qg4 Bd7 14. h4 Rf5 15.
Ng5 Qa5 16. Kd2 Raf8 17. f4 Nxd4 18. Bxd4 Rxf4 {White resigns} 0-1

[Event "Team 45 45 League T50"]
[Site "Internet Chess Club"]
[Date "2011.08.27"]
[Round "3"]
[White "M-Abotreka"]
[Black "sandham"]
[Result "1-0"]
[WhiteElo "2091"]
[BlackElo "2151"]
[Opening "QGD: semi-Slav, Marshall gambit"]
[ECO "D10"]
[Time "07:02:32"]
[TimeControl "2700+45"]

1. d4 d5 2. c4 c6 3. Nc3 e6 4. e4 dxe4 5. Nxe4 Nf6 6. Nxf6+ Qxf6 7. Nf3 Bb4+ 8.
Bd2 Bxd2+ 9. Qxd2 O-O 10. O-O-O Nd7 11. Bd3 Rd8 12. Rhe1 g6 13. Re4 c5 14. Rf4
Qg7 15. Ng5 Nf6 16. Qe3 h6 17. Nxf7 Qxf7 18. Qe5 Rf8 19. Qxc5 Bd7 20. Qe5 Qg7
21. Re1 Nh5 22. Rg4 Qxe5 23. Rxe5 g5 24. h4 Rf4 25. Be2 Rxg4 26. Bxg4 Nf4 27.
Kd2 Kf7 28. hxg5 hxg5 29. g3 Ng6 30. Rxg5 Rh8 31. Rh5 Rxh5 32. Bxh5 Kf6 33. f4
Ne7 34. g4 b5 35. b3 b4 36. Ke3 a5 37. g5+ Kf5 38. Be2 Be8 39. Bf3 Kg6 40. d5
exd5 41. cxd5 Nf5+ 42. Ke4 Nd6+ 43. Ke5 Nb5 44. d6 Bd7 45. Be4+ Kh5 46. g6 Kh6
47. f5 Nc3 48. Bd3 a4 49. f6 {Black resigns} 1-0

[Event "Team 45 45 League T50"]
[Site "Internet Chess Club"]
[Date "2011.08.27"]
[Round "3"]
[White "vnchess"]
[Black "frontier"]
[Result "0-1"]
[WhiteElo "2100"]
[BlackElo "2105"]
[Opening "Dutch"]
[ECO "A80"]
[Time "16:05:55"]
[TimeControl "2700+45"]

1. d4 f5 2. Nc3 d5 3. Bf4 Nf6 4. e3 g6 5. Bb5+ c6 6. Ba4 Bg7 7. Nf3 O-O 8. O-O
Kh8 9. Ne5 Be6 10. Qf3 Nbd7 11. Rad1 Qe8 12. Qh3 Ne4 13. Nxe4 dxe4 14. Bb3 Bxb3
15. axb3 Nxe5 16. dxe5 Rd8 17. Qg3 Rxd1 18. Rxd1 Qc8 19. h4 Rd8 20. Ra1 a6 21.
h5 Qe6 22. h6 Bf8 23. Ra4 Rd1+ 24. Kh2 Qd5 25. Qg5 c5 26. b4 Rf1 27. bxc5 Qd1
28. Rd4 Rh1+ 29. Kg3 Qg1 30. Qh4 Rxh4 31. Kxh4 Qxg2 32. Bg3 Qh1+ {White resigns}
0-1

[Event "Team 45 45 League T50"]
[Site "Internet Chess Club"]
[Date "2011.08.30"]
[Round "3"]
[White "AmrSobh"]
[Black "Ptzz"]
[Result "1/2-1/2"]
[WhiteElo "2091"]
[BlackElo "2095"]
[Opening "Richter-Veresov attack"]
[ECO "D01"]
[Time "16:05:52"]
[TimeControl "2700+45"]

1. d4 Nf6 2. Nc3 d5 3. Bg5 Nbd7 4. Nf3 c6 5. e3 h6 6. Bh4 e6 7. Bd3 Qb6 8. Qc1
Bd6 9. O-O e5 10. Bg3 Qc7 11. e4 dxe4 12. Bxe4 O-O 13. dxe5 Nxe5 14. Nxe5 Bxe5
15. Bxe5 Qxe5 16. Bf3 Bf5 17. Re1 Qd4 18. Ne2 Qc4 19. c3 Rfe8 20. Nd4 Bg6 21. h3
Nd5 22. Bxd5 Qxd5 23. Ne2 Qb5 24. Qd2 Rad8 25. Nd4 Qd5 26. Rxe8+ Rxe8 27. Qf4 a6
28. b3 c5 29. Nf3 Re2 30. c4 Qd3 31. Qb8+ Kh7 32. Qxb7 Qc3 33. Rd1 Qc2 34. Rf1
Qxa2 35. Qc7 Rb2 36. Ne5 Qxb3 37. Qxc5 Rc2 38. Qc8 a5 39. c5 Qd5 40. Nd7 Bf5 41.
Nf8+ Kg8 42. Ne6+ Kh7 43. Nf8+ Kg8 44. Nd7+ Kh7 45. Nf8+ Kg8 46. Ne6+ Kh7 {Game
drawn by mutual agreement} 1/2-1/2

[Event "Team 45 45 League T50"]
[Site "Internet Chess Club"]
[Date "2011.08.27"]
[Round "3"]
[White "Tobiasdelmonte"]
[Black "egyptiantiger"]
[Result "1-0"]
[WhiteElo "1784"]
[BlackElo "2092"]
[Opening "King's Indian: fianchetto without c4"]
[ECO "A49"]
[Time "19:40:28"]
[TimeControl "2700+45"]

1. d4 Nf6 2. Nf3 g6 3. g3 Bg7 4. Bg2 O-O 5. O-O d6 6. c3 Nbd7 7. Nbd2 e5 8. e4
Re8 9. Re1 a5 10. a4 c6 11. Nc4 Qc7 12. dxe5 dxe5 13. Nd6 Rf8 14. Nxc8 Raxc8 15.
Qc2 Rcd8 16. h3 c5 17. Be3 Nb8 18. Rad1 Na6 19. Rxd8 Rxd8 20. Nd2 Ne8 21. Nc4
Nd6 22. Bf1 Nb8 23. Rd1 Nxc4 24. Rxd8+ Qxd8 25. Bxc4 Qc7 26. Qb3 Bf8 27. Bd5 b6
28. Kg2 h5 29. Qb5 Nd7 30. Qc6 Qxc6 31. Bxc6 Nf6 32. f4 Bd6 33. Kf3 Kf8 34. b3
Ke7 35. Bd2 Kd8 36. Bb5 Ne8 37. Bc4 Ke7 38. fxe5 Bxe5 39. b4 Nd6 40. Bd5 c4 41.
b5 f6 42. g4 h4 43. g5 fxg5 44. Bxg5+ Kd7 45. Bd2 Ke7 46. Kg4 Bg3 47. Bg5+ Kf8
48. Bxh4 Be5 49. Be1 Kg7 50. Bd2 Ne8 51. Bxc4 Nf6+ 52. Kf3 Nd7 53. Bb3 Nc5 54.
Bc2 Kf7 55. Kg4 Bf6 56. c4 Ke6 57. Kf4 Bh4 58. Be3 Nd7 59. Bd4 Be7 60. e5 g5+
61. Ke4 Nc5+ 62. Ke3 Nd7 63. Kf2 Bd8 64. Ke2 Nxe5 65. c5 bxc5 66. Bxc5 Kd5 67.
Bf2 Kc4 68. b6 Nd7 69. b7 Bc7 70. Be3 Kc3 71. Bf5 Nb8 72. Bxg5 Kb4 73. Bc2 Kc3
74. Bg6 Kb4 75. Be8 Kc5 76. h4 Kb6 77. Bf6 Kxb7 78. h5 Bf4 79. Kf3 Bh6 80. Kg4
Nc6 81. Kf5 Kc7 82. Kg6 Bd2 83. Bxc6 Kxc6 84. Bg5 Bc3 85. h6 Kc5 86. Bf6 Bxf6
87. Kxf6 Kb4 88. h7 Kxa4 89. h8=Q Kb3 90. Kf5 a4 91. Qa1 a3 92. Ke4 a2 93. Kd3
Ka3 94. Kc4 {Black resigns} 1-0

[Event "Team 45 45 League T50"]
[Site "Internet Chess Club"]
[Date "2011.08.28"]
[Round "3"]
[White "ikatankayangan"]
[Black "Signalman"]
[Result "1/2-1/2"]
[WhiteElo "1572"]
[BlackElo "1550"]
[Opening "Philidor's defense"]
[ECO "C41"]
[Time "04:36:36"]
[TimeControl "2700+45"]

1. e4 e5 2. Nf3 d6 3. Bc4 Nf6 4. Nc3 Be7 5. O-O O-O 6. d4 Nbd7 7. dxe5 dxe5 8.
Be3 c6 9. a3 Qc7 10. Qe2 b5 11. Bd3 a5 12. Na2 Nc5 13. Bxc5 Bxc5 14. Rfd1 Be6
15. h3 Bxa2 16. Rxa2 Rfd8 17. c3 b4 18. cxb4 axb4 19. Rc1 b3 20. Raa1 Bd4 21.
Bc4 Qb6 22. Rd1 Nh5 23. Nxd4 Rxd4 24. Bxf7+ Kxf7 25. Qxh5+ Kg8 26. Qxe5 Rad8 27.
Rxd4 Qxd4 28. Qe6+ Kf8 29. Qxb3 Qxe4 30. Qc3 Qd4 31. Qxd4 Rxd4 32. a4 Rd2 33.
Rb1 Ke7 34. a5 Kd7 35. Kf1 c5 36. b4 Ra2 37. bxc5 Kc6 38. Rb6+ Kxc5 39. Rb7 Ra1+
40. Ke2 Ra2+ 41. Kf3 Rxa5 42. Rxg7 h6 43. Re7 Kd6 44. Re4 Rf5+ 45. Kg3 Kd5 46.
Rf4 Rg5+ 47. Kf3 h5 48. Ra4 Rf5+ 49. Kg3 Rg5+ 50. Kh2 Ke6 51. Ra6+ Kf7 52. g3
Kg7 53. Kg2 Rc5 54. Re6 Rc4 55. Re5 Kg6 56. h4 Rc2 57. Kf3 Rc3+ 58. Kf4 Rc4+ 59.
Ke3 Rc3+ 60. Kd4 Rf3 61. Re2 Kf5 62. Kc5 Kg4 63. Kd5 Kh3 64. Re5 Rxf2 65. Rxh5
Kxg3 66. Rh8 Rf5+ 67. Ke6 Kg4 68. Rg8+ Kf4 {Game drawn by mutual agreement}
1/2-1/2

[Event "Team 45 45 League T50"]
[Site "Internet Chess Club"]
[Date "2011.08.28"]
[Round "3"]
[White "chrisgianno"]
[Black "mongmong"]
[Result "1-0"]
[WhiteElo "1565"]
[BlackElo "1604"]
[Opening "Queen's Indian: 4.Nc3, main line"]
[ECO "E13"]
[Time "10:20:07"]
[TimeControl "2700+45"]

1. d4 e6 2. c4 Nf6 3. Nc3 Bb4 4. Nf3 b6 5. Bg5 h6 6. Bh4 Bb7 7. a3 Bxc3+ 8. bxc3
g5 9. Nxg5 hxg5 10. Bxg5 d6 11. h4 Nbd7 12. d5 Qe7 13. e3 O-O-O 14. a4 Rdg8 15.
Rh3 Nc5 16. f3 Rg6 17. a5 Qd7 18. axb6 cxb6 19. Rxa7 Kb8 20. Ra2 Nh7 21. Bf4 e5
22. Bh2 Ng5 23. hxg5 Rxh3 24. gxh3 Rxg5 25. Rg2 Rxg2 26. Bxg2 Qf5 27. e4 Qh5 28.
Qe2 f6 29. f4 Qh4+ 30. Kd2 Bc8 31. f5 Qh6+ 32. Kc2 Qg7 33. h4 Qa7 34. Kb2 Qa4
35. Qc2 Qxc4 36. Ka3 Qa6+ 37. Kb2 Qc4 38. h5 Na4+ 39. Kc1 Nxc3 40. h6 Na2+ 41.
Kb2 Qd4+ 42. Kxa2 Ba6 43. h7 Bc4+ 44. Ka3 Qe3+ 45. Kb2 Qd4+ 46. Kc1 Qe3+ 47. Qd2
Qa3+ 48. Kd1 Qa1+ 49. Qc1 Bb3+ 50. Kd2 Qd4+ 51. Ke1 Qb4+ {Black resigns} 1-0

[Event "Team 45 45 League T50"]
[Site "Internet Chess Club"]
[Date "2011.08.28"]
[Round "3"]
[White "realchess"]
[Black "werty"]
[Result "1-0"]
[WhiteElo "1748"]
[BlackElo "1536"]
[Opening "Scandinavian: Anderssen counter-attack"]
[ECO "B01"]
[Time "14:30:36"]
[TimeControl "2700+45"]

1. e4 d5 2. exd5 Qxd5 3. Nc3 Qa5 4. d4 e5 5. dxe5 Qxe5+ 6. Be2 Bb4 7. Bd2 Nf6 8.
Nf3 Qd6 9. O-O O-O 10. Bd3 Bxc3 11. Bxc3 Bg4 12. h3 Bh5 13. Be5 Bxf3 14. Bxd6
Bxd1 15. Bxf8 Bxc2 16. Bxc2 Kxf8 17. Rad1 Nc6 18. a3 Rd8 19. Rxd8+ Nxd8 20. Rd1
Ke7 21. g4 b6 22. Re1+ Kd6 23. Bf5 c5 24. g5 {Black resigns} 1-0

[Event "Team 45 45 League T50"]
[Site "Internet Chess Club"]
[Date "2011.08.28"]
[Round "3"]
[White "MeanMrMustard"]
[Black "crazyhorses"]
[Result "1-0"]
[WhiteElo "1826"]
[BlackElo "1547"]
[Opening "Sicilian: dragon, classical, 9.Nb3"]
[ECO "B74"]
[Time "12:00:26"]
[TimeControl "2700+45"]

1. e4 c5 2. Nf3 d6 3. d4 cxd4 4. Nxd4 Nf6 5. Nc3 g6 6. Be2 Bg7 7. O-O O-O 8. Be3
Nc6 9. Nb3 Bd7 10. f4 a6 11. a4 b6 12. Bf3 Rc8 13. Nd5 Nxd5 14. exd5 Nb8 15. c3
a5 16. Be2 Bf5 17. Nd4 Be4 18. Bf3 Bxf3 19. Qxf3 Qc7 20. Nb5 Qd8 21. Qf2 Nd7 22.
Na7 Ra8 23. Nc6 Qe8 24. Bd4 Nb8 25. Bxg7 Kxg7 26. Qxb6 Nxc6 27. dxc6 Qc8 28. b4
axb4 29. cxb4 Rb8 30. Qd4+ Kg8 31. b5 Qc7 32. f5 e5 33. Qd5 Rfe8 34. fxg6 hxg6
35. Rf6 Kg7 36. Rxd6 e4 37. Rd7 Qb6+ 38. Kh1 Re6 39. Rxf7+ Kxf7 40. Rf1+ Ke7 41.
Qd7# {Black checkmated} 1-0

[Event "Team 45 45 League T50"]
[Site "Internet Chess Club"]
[Date "2011.08.27"]
[Round "3"]
[White "Theodulf"]
[Black "rom1"]
[Result "0-1"]
[WhiteElo "1654"]
[BlackElo "1614"]
[Opening "Alekhine's defense: exchange variation"]
[ECO "B02"]
[Time "11:20:23"]
[TimeControl "2700+45"]

1. e4 Nf6 2. e5 Nd5 3. c4 Nb6 4. d4 d6 5. exd6 cxd6 6. Nc3 g6 7. Be3 Bg7 8. Rc1
Nc6 9. d5 Ne5 10. Be2 O-O 11. b3 Bf5 12. f4 Ned7 13. g4 e5 14. gxf5 Qh4+ 15. Bf2
Qxf4 16. Bg3 Qxf5 17. Bg4 Qg5 18. Bxd7 Nxd7 19. Qd2 Qh5 20. Qe2 Qg5 21. Qd2 Qh5
22. Rd1 f5 23. Qe2 Qh6 24. Bf2 e4 25. Bd4 Ne5 26. Bxe5 Bxe5 27. Nb5 f4 28. Qg4
f3 29. Rd2 e3 30. Nxf3 exd2+ 31. Nxd2 Rae8 32. Kd1 Rf2 33. Ne4 Rxa2 34. Rf1 Ra1+
35. Ke2 Rxf1 36. Kxf1 Qxh2 37. Ke1 Bg3+ 38. Kd1 Qh1+ 39. Kd2 Qg2+ 40. Kd3 Qf1+
41. Kc2 Be5 42. Qd7 Qe2+ 43. Kc1 Bf4+ 44. Kb1 Qxe4+ {White resigns} 0-1

[Event "Team 45 45 League T50"]
[Site "Internet Chess Club"]
[Date "2011.08.28"]
[Round "3"]
[White "oldsj"]
[Black "Whalen"]
[Result "0-1"]
[WhiteElo "1497"]
[BlackElo "1550"]
[Opening "French: exchange variation"]
[ECO "C01"]
[Time "09:00:21"]
[TimeControl "2700+45"]

1. e4 e6 2. d4 d5 3. exd5 exd5 4. c4 Bb4+ 5. Nc3 Nf6 6. Nf3 O-O 7. Be2 Nc6 8.
O-O dxc4 9. Bxc4 Bg4 10. a3 Bxf3 11. Qxf3 Ba5 12. Be3 Nxd4 13. Qxb7 Qd6 14. Rad1
Ng4 15. g3 c5 16. Bxf7+ Kh8 17. Bxd4 cxd4 18. Bc4 Qh6 19. h4 dxc3 20. bxc3 Bb6
21. Be2 Bxf2+ 22. Rxf2 Nxf2 23. Rf1 Qe3 24. Bf3 Rab8 25. Qe4 Nxe4+ 26. Kg2 Rb2+
{White resigns} 0-1